AoeStats
← SwordOfDoom

Arena

508551972Analyzed
2v2 RM · 10d ago on Sep 23, 2026· 62m 26s· 4 players
Game mode
Random Map
Map size
Medium (4 player)
Population
200
Speed
Normal
Resources
Standard
Victory
Conquest
Starting age
Dark Age
Ending age
Imperial Age
RankedLock teamsTeams togetherTeam positionsShared explorationLock speedFull tech treeHidden civsTurbo modeCheats
Victory
Defeat
🇨🇴 Khmer · Colombia
910
+17
🇦🇷 Maya · Argentina
899
+18
🇨🇦 Burgundians · Canada
952
-18
🇨🇦 Vietnamese · Canada
927
-17
Chelo Salas
11:05 Feudal Age
11:36 Double-Bit Axe
17:25 Castle Age
15:46 Horse Collar
19:17 Wheelbarrow
19:26 Gold Mining
21:42 Stone Mining
23:07 Loom
26:41 Imperial Age
24:38 Eagle Warrior
26:13 Town Watch
29:24 Bow Saw
29:02 Elite Eagle Warrior
30:52 Squires
31:19 Conscription
31:15 Forging
33:49 Iron Casting
34:48 Heavy Plow
35:58 Blast Furnace
35:21 Scale Mail Armor
37:54 Chain Mail Armor
39:05 Plate Mail Armor
48:43 Hand Cart
49:53 Town Patrol
52:29 Arson
55:28 Two-Man Saw
62:34 Holcans
candres11.cruz
6:53 Loom
10:27 Feudal Age
11:22 Double-Bit Axe
17:41 Castle Age
16:04 Horse Collar
16:42 Stone Mining
19:30 Heavy Plow
22:22 Wheelbarrow
22:48 Fletching
22:55 Loom
25:29 Gold Mining
28:29 Bodkin Arrow
29:07 Scale Barding Armor
32:57 Imperial Age
32:15 Ballistics
32:06 Fortified Wall
32:08 Masonry
33:10 Gold Shaft Mining
33:38 Double Crossbow
34:44 Chemistry
33:59 Capped Ram
36:15 Siege Engineers
37:10 Elite Ballista Elephant
39:22 Elite Skirmisher
40:43 Chain Barding Armor
40:24 Padded Archer Armor
40:24 Bracer
41:53 Architecture
42:25 Bow Saw
43:30 Siege Ram
57:30 Plate Barding Armor
57:11 Leather Archer Armor
Hatcherm
10:28 Feudal Age
14:19 Castle Age
12:12 Horse Collar
12:46 Double-Bit Axe
15:58 Bow Saw
15:50 Heavy Plow
16:54 Wheelbarrow
16:48 Loom
17:31 Hand Cart
20:16 Town Watch
21:45 Gold Mining
25:17 Imperial Age
25:25 Imperial Age
23:12 Fletching
23:25 Padded Archer Armor
23:42 Masonry
23:16 Treadmill Crane
23:49 Bodkin Arrow
24:57 Leather Archer Armor
25:12 Ballistics
25:30 Leather Archer Armor
25:18 Murder Holes
26:46 Bracer
27:16 Ring Archer Armor
28:12 Chemistry
27:57 Ring Archer Armor
28:10 Forging
27:25 Crossbowman
28:42 Thumb Ring
29:52 Forging
29:12 Arbalester
29:15 Elite Skirmisher
31:25 Two-Man Saw
31:06 Town Patrol
30:30 Imperial Skirmisher
31:24 Forging
31:07 Stone Mining
32:08 Crop Rotation
32:20 Scale Mail Armor
34:14 Paper Money
33:25 Pikeman
34:05 Squires
33:51 Arson
34:04 Man-at-Arms
35:27 Iron Casting
35:07 Chain Mail Armor
38:34 Siege Engineers
41:27 Long Swordsman
42:32 Two-Handed Swordsman
43:59 Plate Mail Armor
44:09 Stone Shaft Mining
43:14 Champion
55:12 Onager
56:10 Fortified Wall
SwordOfDoom
10:08 Feudal Age
8:42 Double-Bit Axe
8:38 Horse Collar
11:20 Bow Saw
13:11 Horse Collar
15:31 Heavy Plow
18:46 Castle Age
18:26 Fletching
19:32 Wheelbarrow
21:45 Husbandry
21:07 Light Cavalry
21:53 Gold Mining
21:53 Stone Mining
23:32 Hand Cart
24:00 Town Watch
24:03 Loom
25:24 Two-Man Saw
25:25 Bodkin Arrow
25:41 Forging
25:36 Scale Barding Armor
26:06 Town Patrol
26:48 Stone Shaft Mining
26:49 Gold Shaft Mining
31:17 Imperial Age
28:31 Pikeman
29:11 Squires
29:03 Elite Skirmisher
31:20 Imperial Skirmisher
31:29 Halberdier
32:54 Conscription
38:57 Chemistry
38:19 Ballistics
40:58 Bombard Tower
43:30 Sanctity
43:26 Block Printing
43:41 Bracer
45:29 Illumination
45:23 Fervor
48:18 Padded Archer Armor
50:30 Illumination
50:18 Fervor
50:38 Leather Archer Armor
Connection lost

Rejoining the realm…

Still unreachable

The connection could not be restored.

Session expired

The server has moved on; the page needs a fresh start.